Unix NetHack Version 3.7.0-86 Work-in-progress - last build May 30 2023 01:50:43 (cc98dc9aa62a9957b082a042edf5bd7ec9f632c7,branch:master). Game began 2023-06-26 17:49:00, ended 2023-06-26 18:30:47. Vis, lawful male human Samurai -------- |....... |@q....| +$.....| |.....?| ---+---- Vis the Ninja St:16 Dx:17 Co:18 In:10 Wi:9 Ch:8 Lawful S:6369 Dlvl:8 $:185 HP:0(71) Pw:28(28) AC:-4 Xp:8/1456 T:4829 Burdened Latest messages: The ice-cold blade freezes the dog! The dog bites! The ice-cold blade freezes the dog! The ice-cold blade freezes the dog! You kill the dog! You see here a statue of a plains centaur. "Konnichi wa, Vis, welcome to Delphi!" You see here a statue of a plains centaur. You see here a statue of a plains centaur. The ice-cold blade freezes the gnome! The gnome strikes at your displaced image and misses you! The ice-cold blade freezes the gnome! You kill the gnome! The gnomish wizard casts a spell at thin air! The gnomish wizard points at you, then curses. The gnomish wizard points at you, then curses. The ice-cold blade freezes the gnomish wizard! You kill the gnomish wizard! You see here a yellow spellbook. You find a hidden door. The door opens. You hear a rushing noise nearby. The ice-cold blade hits the kobold mummy. The kobold mummy misses! The ice-cold blade hits the kobold mummy. You miss the kobold mummy. The ice-cold blade hits the kobold mummy. You destroy the kobold mummy! You miss the ice vortex. The ice vortex engulfs you! You feel mildly chilly. You feel mildly chilly. The ice-cold blade hits the ice vortex. You feel mildly chilly. The ice-cold blade hits the ice vortex. You destroy the ice vortex! There is an open door here. You see here a mummy wrapping. You have a little trouble lifting Z - a scroll labeled ELBIB YLOH. You fall down the stairs. You miss the mumak. The mumak butts! The mumak misses! You miss the mumak. The mumak butts! The mumak misses! You miss the mumak. The mumak butts! You die... Do you want your possessions identified? [ynq] (y) q Inventory: Coins $ - 185 gold pieces Amulets j - an uncursed amulet of guarding (being worn) Weapons d - 33 +0 ya (in quiver) U - 2 +0 ya c - a +0 yumi R - a corroded +0 dagger r - the rustproof +0 Frost Brand (weapon in hand) a - a blessed +0 katana z - a +0 long sword P - the rustproof +0 Snickersnee Armor t - an uncursed +0 orcish helm (being worn) A - an uncursed +0 pair of iron shoes (being worn) N - an uncursed +0 elven shield (being worn) J - an uncursed +0 cloak of displacement (being worn) X - an uncursed +0 robe e - an uncursed rustproof +0 splint mail (being worn) Comestibles Y - 2 uncursed kiwis K - an uncursed cream pie M - an uncursed gunyoki y - 2 uncursed lembas wafers B - 2 uncursed oranges i - 2 uncursed homemade tins of newt meat u - an uncursed tin of stir fried rock piercer meat Scrolls Z - an uncursed scroll of amnesia Q - an uncursed scroll of enchant armor w - a cursed scroll of food detection l - an uncursed scroll of light o - an uncursed scroll of scare monster Potions E - an uncursed potion of invisibility O - an uncursed potion of paralysis x - a cursed potion of paralysis f - an uncursed potion of sleeping Rings W - an uncursed ring of aggravate monster V - an uncursed ring of levitation H - an uncursed -1 ring of protection Tools s - a cursed blindfold G - a magic marker (0:85) g - a cursed skeleton key F - an uncursed tallow candle Gems/Stones k - a cursed amber stone C - an uncursed jasper stone S - 2 uncursed jet stones m - an uncursed opal h - an uncursed touchstone Vis the Samurai's attributes: Background: You were a Ninja, a level 8 male human Samurai. You were lawful, on a mission for Amaterasu Omikami who was opposed by Raijin (neutral) and Susanowo (chaotic). You were in the Dungeons of Doom, on level 8. You entered the dungeon 4829 turns ago. You had 1456 experience points, 1104 more were needed to attain level 9. Your score was 6369 before end-of-game adjustments. Basics: You had 0 out of 71 hit points. You had all 28 energy points (spell power). Your armor class was -4. Your wallet contained 185 zorkmids. Autopickup was on for '$?!/"=' plus thrown. Final Characteristics: Your strength was 16 (limit:18/100). Your dexterity was 17 (limit:18). Your constitution was 18 (limit:18). Your intelligence was 10 (limit:18). Your wisdom was 9 (limit:18). Your charisma was 8 (limit:18). Final Status: You were not hungry. You were burdened; movement was slightly slowed. You were wielding a long sword. You had expert skill with long sword. Final Attributes: You were piously aligned. You were cold resistant. Your items were protected from cold. You were displaced. You had a small defense bonus (+2). You were protected. You were fast. You are dead. Miscellaneous: You encountered 1 bones level. Total elapsed playing time was 41 minutes and 46 seconds. Major events: Turn 1: Vis the lawful male human Samurai entered the dungeon 642: attained the rank of Ronin (level 3) 877: entered the Gnomish Mines 2042: destroyed Dirge's ghost, the former Acolyte 2105: attained the rank of Ninja (level 6) 3122: was bestowed with Snickersnee by Amaterasu Omikami 3218: was bestowed with Frost Brand by Amaterasu Omikami 4829: killed by a mumak Vanquished creatures: a ghost 2 small mimics 2 giant beetles 4 wolves an iron piercer an ice vortex a vampire bat a gnome ruler a dingo a dog a dust vortex 2 snakes a human zombie a Woodland-elf a rock mole a pony 2 shriekers 8 gnome leaders 3 gnomish wizards 2 kobold mummies 2 straw golems a little dog a floating eye a homunculus 3 hill orcs 2 rothes a rabid rat 2 giant bats 6 monkeys 3 orc zombies 3 dwarf zombies 2 iguanas an acid blob a coyote 2 manes 2 hobgoblins 5 giant rats 2 brown molds 3 yellow molds 18 gnomes 10 garter snakes a gnome zombie 2 geckos 6 jackals a fox 2 goblins 4 sewer rats 9 grid bugs a bat 2 lichens 4 kobold zombies 8 newts 148 creatures vanquished. No species were genocided or became extinct. Voluntary challenges: You read items or engraved 2 times. You never engraved Elbereth. You never genocided any monsters. You never polymorphed an object. You never changed form. You used no wishes. Achievements: You entered a shop. You attained the rank of Ronin. You entered the Gnomish Mines. You attained the rank of Ninja. You entered a temple. The Dungeons of Doom: levels 1 to 8 Level 1: Some fountains. Level 2: An altar to Amaterasu Omikami, a fountain, a grave. Level 3: A general store. Stairs down to The Gnomish Mines. Level 4: A scroll shop. Level 5: An altar. Level 6: A fountain. Level 7: Many fountains. Oracle of Delphi. Level 8: <- You were here. Final resting place for you, killed by a mumak. The Gnomish Mines: levels 4 to 6 Level 4: Level 5: A grave. Final resting place for Dirge-Pri-Hum-Fem-Neu, killed by a dwarf. Level 6: Many shops, a temple to Amaterasu Omikami, some fountains, a sink. Game over: ---------- / \ / REST \ / IN \ / PEACE \ / \ | Vis | | 185 Au | | killed by a | | mumak | | | | | | 2023 | *| * * * | * _________)/\\_//(\/(/\)/\//\/|_)_______ Sayonara Vis the Samurai... You died in The Dungeons of Doom on dungeon level 8 with 6351 points, and 185 pieces of gold, after 4829 moves. You were level 8 with a maximum of 71 hit points when you died.